 Dungeon Crawl Stone Soup version 0.13-a0-3159-gc5ce8eb (webtiles) character file.

4134 Kae the Conjurer (level 10, -1/50 HPs)
             Began as a Tengu Fire Elementalist on Sept 24, 2013.
             Was a Believer of Vehumet.
             Slain by a wyvern (10 damage)
             ... on Level 9 of the Dungeon.
             The game lasted 00:21:13 (9333 turns).

Kae the Conjurer (Tengu Fire Elementalist)          Turns: 9333, Time: 00:21:13

HP  -1/50        AC  7     Str  9      XL: 10   Next: 19%
MP  16/24        EV 12     Int 18      God: Vehumet [**....]
Gold 267         SH  0     Dex 15      Spells:  6 memorised,  5 levels left

Res.Fire  : . . .   See Invis. : .   i - +0 whip
Res.Cold  : + . .   Warding    : .   a - +0 robe
Life Prot.: . . .   Conserve   : .   (no shield)
Res.Poison: .       Res.Corr.  : .   (helmet restricted)
Res.Elec. : .       Clarity    : .   (no cloak)
Sust.Abil.: . .     Spirit.Shd : .   r - +0 pair of gauntlets
Res.Mut.  : .       Stasis     : .   (boots unavailable)
Res.Rott. : .       Flight     : .   k - amulet of rage
Saprovore : . . .                    l - ring of protection from cold
                                     s - +4 ring of protection

@: somewhat resistant to hostile enchantments, fairly stealthy
A: able to fly, beak, talons 3
a: Fly, Renounce Religion, Evoke Berserk Rage


You were on level 9 of the Dungeon.
You worshipped Vehumet.
Vehumet was pleased with you.
You were not hungry.

You visited 2 branches of the dungeon, and saw 10 of its levels.

You collected 394 gold pieces.
You spent 147 gold pieces at shops.

Inventory:

Hand weapons
 i - a +0,+0 whip (weapon)
Missiles
 j - 110 darts (quivered)
 p - 3 exploding darts
 C - 17 silver darts
 O - 20 darts of dispersal
Armour
 a - a +0 robe (worn)
 r - a +0 pair of gauntlets (worn)
 z - a +0 cap
Magical devices
 K - a wand of slowing (13) {unknown}
 L - a wand of fire (7) {unknown}
 M - a wand of digging (13) {unknown}
Comestibles
 c - 2 bread rations
 d - 5 meat rations
 o - 2 pears
 v - 7 grapes
 w - 13 sultanas
 x - a choko
Scrolls
 f - 3 scrolls of identify
 h - a scroll of random uselessness
 m - a scroll of teleportation
 n - 4 scrolls of remove curse
 q - 3 scrolls of enchant weapon I
 y - 4 scrolls of enchant weapon II
 J - a scroll of magic mapping
 N - a scroll of enchant armour {unknown}
Jewellery
 k - an amulet of rage (around neck)
 l - a ring of protection from cold (right hand)
 s - a +4 ring of protection (left hand)
 t - an uncursed ring of protection from cold
 H - a +5 ring of evasion {unknown}
 I - an uncursed ring of teleportation
Potions
 e - 4 potions of heal wounds
 g - 4 potions of brilliance
 u - 2 potions of flight
 A - a potion of paralysis {unknown}
 B - 3 potions of curing
 D - 3 potions of restore abilities
 E - a potion of agility
 F - 2 potions of might
 G - 2 potions of speed
 P - a potion of berserk rage {unknown}
 R - a potion of cure mutation
Books
 b - a book of Flames

   Spells                             Type                      Level
   *Flame Tongue                      Conjuration/Fire             1
   *Throw Flame                       Conjuration/Fire             2
   *Conjure Flame                     Conjuration/Fire             3
   Inner Flame                        Hexes/Fire                   3
   *Sticky Flame                      Conjuration/Fire             4
   *Fireball                          Conjuration/Fire             5


   Skills:
 - Level 2.1 Dodging
 - Level 2.0 Stealth
 + Level 6.2 Spellcasting
 * Level 13.0 Conjurations
 + Level 8.7 Fire Magic


You had 5 spell levels left.
You knew the following spells:

 Your Spells              Type           Power        Failure   Level  Hunger
a - Flame Tongue          Conj/Fire      #####        1%          1    None
b - Throw Flame           Conj/Fire      #####.       1%          2    None
c - Conjure Flame         Conj/Fire      #####...     1%          3    ##.....
d - Sticky Flame          Conj/Fire      #####...     1%          4    ####...
e - Fireball              Conj/Fire      #####.....   4%          5    #####..
f - Shock                 Conj/Air       ####         1%          1    None


Dungeon Overview and Level Annotations

Branches:
Dungeon (9/27)             Temple (1/1) D:6             Orc (0/4) D:8
   Lair: D:8-13

Altars:
Ashenzari
Cheibriados
Elyvilon
Kikubaaqudgha
Makhleb
Nemelex Xobeh
Okawaru
Sif Muna
Trog
Vehumet
Xom
Yredelemnul
Zin
the Shining One

Shops:
D:5 %!

Annotations:
D:5 ribbit


Innate Abilities, Weirdness & Mutations

You can fly.
You have a beak for a mouth.
You have claws for feet.


Message History

The flame misses the wyvern.
The wyvern burns!
The wyvern misses you. The wyvern barely misses you.
Casting: Flame Tongue
Confirm with . or Enter, or press ? or * to list all spells.
Aiming: Flame Tongue
Press: ? - help, Shift-Dir - straight line, f/p - wyvern
Aim: a wyvern (moderately wounded, covered in liquid flames)
The flame misses the wyvern.
The wyvern burns!
The wyvern stops burning.
The wyvern barely misses you.
Casting: Flame Tongue
Confirm with . or Enter, or press ? or * to list all spells.
Aiming: Flame Tongue
Press: ? - help, Shift-Dir - straight line, f/p - wyvern
Aim: a wyvern (moderately wounded)
The flame hits the wyvern.
The wyvern is heavily wounded.
The wyvern bites you!
* * * LOW HITPOINT WARNING * * *
The wyvern bites you!
You die...

#....## ..
....[## (..##
#....#
#.....####...###
#....#........#
#..........<..#
#.......#...#
##D..########
#.)@.?.#
#.$......#
#....#.......
#.....##..<...
#...## ....#.
#### #####


You could see a wyvern.

Vanquished Creatures
  Prince Ribbit (D:5)
  2 hungry ghosts (D:8)
  A necrophage (D:6)
  3 ice beasts
  2 sky beasts
  A yellow wasp (D:8)
  2 phantoms
  2 centaurs
  An orc warrior (D:7)
  A black bear (D:8)
  The ghost of dsn the Poker, an average MfDK of Yredelemnul (D:3)
  4 ogres
  5 giant frogs
  A water moccasin (D:8)
  A wight (D:8)
  4 crimson imps
  The ghost of cedor the Cutter, an average NaSk (D:4)
  3 orc priests
  5 hounds
  3 jellies
  A giant frog skeleton (D:7)
  3 orc wizards
  4 scorpions
  8 worker ants
  A gnoll shaman (D:7)
  2 iguanas
  A crocodile skeleton (D:7)
  19 gnolls
  8 adders
  A steam dragon skeleton (D:5)
  2 giant mites
  An iguana zombie (D:8)
  3 worms
  A scorpion zombie (D:6)
  19 orcs
  3 ball pythons
  A bat zombie (D:6)
  5 giant cockroaches
  17 hobgoblins
  7 jackals
  2 quokkas
  7 bats
  7 giant geckos
  3 giant newts
  9 goblins
  A hobgoblin skeleton (D:5)
  13 kobolds
  A kobold skeleton (D:4)
  8 rats
  A rat skeleton (D:4)
203 creatures vanquished.

Vanquished Creatures (others)
  A worker ant (D:6)
  A worm (D:6)
2 creatures vanquished.

Grand Total: 205 creatures vanquished

Notes
Turn   | Place    | Note
--------------------------------------------------------------
     0 | D:1      | Kae, the Tengu Fire Elementalist, began the quest for the Orb.
     0 | D:1      | Reached XP level 1. HP: 10/10 MP: 3/3
   538 | D:1      | Reached XP level 2. HP: 15/15 MP: 0/5
   913 | D:2      | Reached XP level 3. HP: 16/19 MP: 1/7
  1998 | D:3      | Reached XP level 4. HP: 24/24 MP: 5/8
  2094 | D:3      | HP: 1/24 [poisoned by a kobold]
  2311 | D:3      | Noticed dsn's ghost (average MfDK)
  2324 | D:3      | Killed dsn's ghost
  2324 | D:3      | Reached skill level 4 in Conjurations
  2324 | D:3      | Reached XP level 5. HP: 21/28 MP: 1/11
  2631 | D:3      | Reached skill level 5 in Conjurations
  2921 | D:3      | Reached XP level 6. HP: 27/32 MP: 11/13
  3068 | D:3      | Learned a level 2 spell: Throw Flame
  3072 | D:3      | Learned a level 3 spell: Conjure Flame
  3077 | D:3      | Learned a level 4 spell: Sticky Flame
  3637 | D:4      | Reached skill level 6 in Conjurations
  3827 | D:4      | Noticed cedor's ghost (average NaSk)
  3844 | D:4      | Killed cedor's ghost
  3844 | D:4      | Reached skill level 5 in Fire Magic
  3928 | D:4      | Found a shimmering altar of Xom.
  3928 | D:4      | Noticed an angel
  3929 | D:4      | Found a glowing silver altar of Zin.
  4038 | D:4      | Found a glowing golden altar of the Shining One.
  4038 | D:4      | Found a bloodstained altar of Trog.
  4201 | D:5      | Entered Level 5 of the Dungeon
  4283 | D:5      | Found a glowing golden altar of the Shining One.
  4303 | D:5      | Found Ylirchona's Food Boutique.
  4307 | D:5      | Found Pseupt's Distillery.
  4332 | D:5      | Bought a potion of agility for 27 gold pieces
  4332 | D:5      | Bought a potion of restore abilities for 33 gold pieces
  4332 | D:5      | Bought a potion of might for 27 gold pieces
  4332 | D:5      | Bought a potion of speed for 60 gold pieces
  4380 | D:5      | Reached XP level 7. HP: 36/36 MP: 4/16
  4473 | D:5      | Reached skill level 7 in Conjurations
  4953 | D:5      | Reached skill level 8 in Conjurations
  5250 | D:5      | Reached XP level 8. HP: 41/41 MP: 13/19
  5535 | D:6      | Noticed Prince Ribbit
  5544 | D:5      | Killed Prince Ribbit
  5544 | D:5      | Reached skill level 9 in Conjurations
  5873 | D:6      | Found an iron altar of Okawaru.
  5987 | D:6      | Reached skill level 10 in Conjurations
  6239 | D:6      | Reached XP level 9. HP: 45/45 MP: 13/22
  6372 | D:6      | Reached skill level 5 in Spellcasting
  6485 | D:6      | Found a staircase to the Ecumenical Temple.
  6495 | Temple   | Entered the Ecumenical Temple
  6668 | Temple   | Became a worshipper of Vehumet
  7206 | D:7      | Reached skill level 11 in Conjurations
  7717 | D:7      | Acquired Vehumet's first power
  7717 | D:7      | Offered knowledge of Shock by Vehumet.
  7766 | D:7      | Learned a level 5 spell: Fireball
  7768 | D:7      | Learned a level 1 spell: Shock
  8427 | D:8      | Reached skill level 12 in Conjurations
  8590 | D:8      | Found a staircase to the Orcish Mines.
  8613 | D:8      | Reached XP level 10. HP: 50/50 MP: 16/24
  8932 | D:8      | Offered knowledge of Throw Frost by Vehumet.
  9189 | D:8      | Reached skill level 13 in Conjurations
  9333 | D:9      | Slain by a wyvern

Action                   |  1- 3 |  4- 6 |  7- 9 | 10-12 || total
-------------------------+-------+-------+-------+-------++-------
Melee: Unarmed           |     6 |       |       |       ||     6
       Whip              |    37 |    45 |    68 |    17 ||   167
 Cast: Flame Tongue      |    61 |   100 |   240 |    58 ||   459
       Conjure Flame     |       |     4 |     8 |     2 ||    14
       Throw Flame       |       |       |    23 |    11 ||    34
       Sticky Flame      |       |       |     9 |     2 ||    11
 Abil: Evoke Berserk Rag |       |     1 |       |       ||     1
  Use: Potion            |     5 |     6 |       |       ||    11
       Scroll            |       |     6 |     6 |       ||    12
 Stab: Sleeping          |     1 |       |     3 |       ||     4
